 Dungeon Crawl Stone Soup version 0.31.0-11-ge490571c62 (webtiles) character file.

Game seed: 2242431319300397683

180 Rassilon the Insei (level 5, -6/41 (42) HPs)
             Began as a Demonspawn Monk on Jan 30, 2024.
             Mangled by Crazy Yiuf
             ... wielding a +4 quarterstaff of chaos
              (11 damage)
             ... on level 3 of the Dungeon.
             The game lasted 00:16:03 (2607 turns).

Rassilon the Insei (Demonspawn Monk)                Turns: 2607, Time: 00:16:04

HP:   -6/41 (42)    AC: 10    Str: 15    XL:     5   Next: 33%
MP:   1/5           EV: 10    Int: 19    God:
Gold: 28            SH:  0    Dex: 16    Spells: 4/4 levels left

rFire   + . .        e - +2 dagger (speed)
rCold   + . .        (no shield)
rNeg    . . .        p - +0 scale mail "Cuejiod" {Int+3}
rPois   +            (no helmet)
rElec   +            (no cloak)
rCorr   +            r - +1 pair of gloves
SInv    .            (no boots)
Will    .....        (no amulet) Stlth
                     g - +6 ring of intelligence
HPRegen 0.26/turn    (no ring)
MPRegen 0.18/turn

%: no passive effects
@: mighty, resistant, weak-willed, weakened, lightly drained
A: slimy green scales 1, magic regeneration, strong 1
a: no special abilities


You were on level 3 of the Dungeon.
You visited 1 branch of the dungeon, and saw 3 of its levels.

You collected 148 gold pieces.
You spent 120 gold pieces at shops.

Inventory:

Hand Weapons
 e - a +2 dagger of speed (weapon)
Missiles
 n - 2 poisoned darts (quivered)
Armour
 a - a +0 robe
 p - the +0 scale mail "Cuejiod" (worn) {Int+3}
   (You found it on level 3 of the Dungeon)

   Int+3:     It affects your intelligence (+3).
 r - a +1 pair of gloves (worn)
Jewellery
 g - a +6 ring of intelligence (left hand)
Scrolls
 c - a scroll of poison {unknown}
 f - a scroll of torment {unknown}
 h - 5 scrolls of identify {unknown}
 i - 5 scrolls of teleportation
 k - a scroll of blinking {unknown}
 m - 2 scrolls of fear
 o - a scroll of amnesia {unknown}
Potions
 b - a potion of ambrosia
 s - a potion of resistance


   Skills:
 + Level 3.9 Fighting
 + Level 3.5 Dodging
 * Level 4.4 Unarmed Combat


You had 4 spell levels left.
You didn't know any spells.
Your spell library contained the following spells:

 Spells                   Type           Power      Damage    Failure   Level
 Freeze                   Ice            0%         1d3       65%         1
 Frozen Ramparts          Ice            0%         1d1       95%         3
 Hailstorm                Conj/Ice       0%         3d5       95%         3
 Inner Flame              Hex/Fire       0%         N/A       95%         3
 Flame Wave               Conj/Fire      0%         2d4       100%        4
 Sticky Flame             Fire/Alch      0%         2d4       100%        4


Dungeon Overview and Level Annotations

Branches:
Dungeon (3/15)

Altars:
Nemelex Xobeh

Shops:
D:3 *

Annotations:
D:3 Crazy Yiuf


Innate Abilities, Weirdness & Mutations

You are partially covered in slimy green scales. (AC +2)
You regenerate magic rapidly.
Your muscles are strong. (Str +4, Int/Dex -1)


Message History

It was a potion of mutation.
You feel extremely strange.
You feel stronger.
Crazy Yiuf hits you with a +4 quarterstaff of chaos!
* * * LOW HITPOINT WARNING * * *
You feel your power leaking away.
You feel better.
Crazy Yiuf hits you with a +4 quarterstaff of chaos.
You barely miss Crazy Yiuf.
Crazy Yiuf is moderately wounded.
You hit Crazy Yiuf but do no damage.
Crazy Yiuf is moderately wounded.
Crazy Yiuf hits you with a +4 quarterstaff of chaos.
You hit Crazy Yiuf but do no damage.
Crazy Yiuf is moderately wounded.
You hit Crazy Yiuf.
Crazy Yiuf is moderately wounded.
Crazy Yiuf hits you with a +4 quarterstaff of chaos.
You convulse.
* * * LOW HITPOINT WARNING * * *
It was a potion of might.
You feel very mighty all of a sudden.
Crazy Yiuf hits you with a +4 quarterstaff of chaos!
* * * LOW HITPOINT WARNING * * *
You are lethally poisoned!
You feel better.
Crazy Yiuf hits you with a +4 quarterstaff of chaos.
* * * LOW HITPOINT WARNING * * *
Crazy Yiuf burns you.
* * * LOW HITPOINT WARNING * * *
It was a potion of resistance.
You feel protected.
Crazy Yiuf says, "Castle King sallow!"
Crazy Yiuf hits you with a +4 quarterstaff of chaos.
* * * LOW HITPOINT WARNING * * *
Your willpower is stripped away!
You hit Crazy Yiuf.
Crazy Yiuf is severely wounded.
Crazy Yiuf says, "Gum!
Lay arm hand."
Crazy Yiuf hits you with a +4 quarterstaff of chaos!
You die...

#..##.....#
#.............#
#####..##..####
##########.#.###
...........#
#.#....
.########..#
##### #.##### .#
#..# #)..# #.#
## .# #### #...#
#.####.
.########### )..
#......
......>....# #g#
######.
.###########
#@## ## ....#
##.# #
.##.########
#.## #
.##........#
##.# #
.###########
##.## # .#
##...# # .#
#....# # .#
#....# # .#
##########..## #


You could see Crazy Yiuf.

Vanquished Creatures
  A sleepcap (D:2)
  Terence (D:2)
  8 adders
  3 dart slugs
  3 orcs (D:3)
  2 endoplasms (D:3)
  3 goblins (D:1)
  6 hobgoblins
  A quokka (D:3)
  5 ball pythons
  9 bats
  4 frilled lizards
  5 kobolds
  5 rats
56 creatures vanquished.

Notes
Turn   | Place    | Note
-------+----------+-------------------------------------------
     0 | D:1      | Rassilon the Demonspawn Monk began the quest for the Orb.
     0 | D:1      | Reached XP level 1. HP: 18/18 MP: 1/1
   176 | D:1      | Found a faded altar of an unknown god.
   211 | D:1      | Reached skill level 3 in Unarmed Combat
   273 | D:1      | Gained mutation: You are partially covered in slimy green
                  | scales. (AC +2) [demonic ancestry]
   273 | D:1      | Reached XP level 2. HP: 24/24 MP: 2/2
   675 | D:2      | Noticed Terence
   727 | D:2      | Killed Terence
   728 | D:2      | Reached XP level 3. HP: 18/29 MP: 3/3
  1166 | D:2      | Reached XP level 4. HP: 35/35 MP: 4/4
  1527 | D:2      | Reached skill level 4 in Unarmed Combat
  1755 | D:3      | Gained mutation: You regenerate magic rapidly. [demonic
                  | ancestry]
  1755 | D:3      | Reached XP level 5. HP: 42/42 MP: 5/5
  1928 | D:3      | Found a runed translucent door.
  1929 | D:3      | Noticed Crazy Yiuf
  1973 | D:3      | Identified the +0 scale mail "Cuejiod" {Int+3}
  2112 | D:3      | Found Tifaor's General Store.
  2120 | D:3      | Bought a scroll of fear for 48 gold pieces
  2120 | D:3      | Bought a potion of curing for 36 gold pieces
  2120 | D:3      | Bought a scroll of teleportation for 36 gold pieces
  2194 | D:3      | Found a sparkling altar of Nemelex Xobeh.
  2598 | D:3      | Gained mutation: Your muscles are strong. (Str +4, Int/Dex
                  | -1) [potion of mutation]
  2607 | D:3      | Mangled by Crazy Yiuf

Illustrated notes

Levels and vault maps discovered:
D:1:      zaba_arrival_water, layout_basic, shapermc_ecumenical_altar_notcrosses
D:2:      kennysheep_big_flooded_room, layout_loops_corners, uniq_terence
D:3:      layout_loops_ring, nemelex_dance_club_becter, serial_shops, shop,
          nicolae_half_adder, uniq_crazy_yiuf_cottage

Skill      XL: |  1  2  3  4 |
---------------+-------------+-----
Unarmed Combat | 3 4 |  4.4
Dodging        | 3 |  3.5
Fighting       | |  3.9

Action                     |  1- 3 |  4- 6 || total
---------------------------+-------+-------++-------
  Melee: Unarmed           |    30 |       ||    30
         Dagger            |    98 |   136 ||   234
         Punch             |     3 |     7 ||    10
    Use: Potion            |     3 |     7 ||    10
 Armour: Robe              |    49 |    36 ||    85
         Skin              |    19 |       ||    19
         Scale mail        |       |    23 ||    23
  Dodge: Dodged            |    61 |    60 ||   121
